 Dungeon Crawl Stone Soup version 0.31-a0-133-gaae73658be (webtiles) character file.

Game seed: 12304288168811525610

2 Danienth the Caller (level 1, 0/10 HPs)
             Began as a Deep Elf Summoner on June 3, 2023.
             Constricted to death by a ball python (1 damage)
             ... on level 1 of the Dungeon.
             The game lasted 00:01:32 (61 turns).

Danienth the Caller (Deep Elf Summoner)               Turns: 61, Time: 00:01:32

Health: 0/10       AC:  2    Str:  5    XL:     1   Next: 25%
Magic:  4/6        EV:  9    Int: 19    God:
Gold:   0          SH:  0    Dex: 15    Spells: 5/6 levels left

rFire   . . .        (no weapon)
rCold   . . .        (no shield)
rNeg    . . .        a - +0 robe
rPois   .            (no helmet)
rElec   .            (no cloak)
rCorr   .            (no gloves)
SInv    .            (no boots)
Will    .....        (no amulet)
Stlth   ++           (no ring)
HPRegen 0.21/turn    (no ring)
MPRegen 0.10/turn

%: no passive effects
@: constricted
A: no striking features
a: no special abilities


You were on level 1 of the Dungeon.
You visited 1 branch of the dungeon, and saw 1 of its levels.

Inventory:

Armour
 a - a +0 robe (worn)
Potions
 b - a potion of magic
 c - a potion of curing {unknown}


   Skills:
 + Level 2.4 Dodging
 + Level 2.4 Stealth
 + Level 3.0 Spellcasting
 + Level 4.5 Summonings


You had 5 spell levels left.
You knew the following spells:

 Your Spells              Type           Power      Damage    Failure   Level
a - Summon Small Mammal   Summ           80%        N/A       2%          1

Your spell library contained the following spells:

 Spells                   Type           Power      Damage    Failure   Level
 Call Imp                 Summ           40%        N/A       3%          2
 Call Canine Familiar     Summ           20%        N/A       7%          3
 Summon Guardian Golem    Hex/Summ       11%        N/A       19%         3
 Summon Lightning Spire   Summ/Air       11%        N/A       52%         4


Dungeon Overview and Level Annotations

Branches:
Dungeon (1/15)

Altars:


Message History

The ball python constricts you.
* * * LOW HITPOINT WARNING * * *
The ball python's grasp on you weakens, but your attempt to escape fails.
Your bat hits the rat but does no damage.
The quokka bites you.
* * * LOW HITPOINT WARNING * * *
The ball python barely misses you. The ball python constricts you.
The rat bites you.
* * * LOW HITPOINT WARNING * * *
Your quokka bites the quokka.
The quokka bites you but does no damage.
You escape the ball python's grasp.
The rat attacks as you move away! The rat closely misses you.
Your quokka bites the quokka.
The quokka dies!
The ball python attacks as you move away!
The ball python barely misses you. x2; Your bat hits the rat.
The rat dies!
There is an open door here.
Your quokka completely misses the ball python.
You completely miss the ball python.
The ball python bites you but does no damage.
The ball python grabs you. The ball python constricts you.
* * * LOW HITPOINT WARNING * * *
Your bat hits the ball python.
Your quokka barely misses the ball python.
The ball python closely misses you. The ball python constricts you.
Your bat hits the ball python.
You hit the ball python but do no damage.
The ball python is severely wounded.
Your bat barely misses the ball python.
Your quokka barely misses the ball python.
The ball python bites you but does no damage.
The ball python constricts you.
* * * LOW HITPOINT WARNING * * *
You barely miss the ball python.
The ball python is severely wounded.
Your quokka closely misses the ball python.
The ball python bites you but does no damage.
The ball python constricts you.
You die...

##.......## #≈≈~#..#~§
#.........###≈~~#''#~~
+.........+..~~8~~~~8~
#.........###~8~~≈≈~~8
#.......# #~§~≈≈≈≈~~
#.....# ###......#
##.rb## #.§....# ##S##
####.### #@# #.#
#.####### #.#
##.......# #.#
##...####.# #.#
#.....# #.# #.#
##...####.######.#
##..##..........#
...####.##.#.########
#..........#.#


You could see a ball python (ally target), a friendly quokka (summoned) and a
friendly bat (summoned).

Vanquished Creatures (collateral kills)
  A quokka (D:1)
  A rat (D:1)
2 creatures vanquished.

Notes
Turn   | Place    | Note
-------+----------+-------------------------------------------
     0 | D:1      | Danienth the Deep Elf Summoner began the quest for the Orb.
     0 | D:1      | Reached XP level 1. HP: 10/10 MP: 6/6
    61 | D:1      | Constricted to death by a ball python

Illustrated notes

Levels and vault maps discovered:
D:1:      lightli_arrival_boilingwater, layout_loops_corners

Action                     || total
---------------------------++-------
  Melee: Unarmed           ||     9
   Cast: Summon Small Mamm ||     4
 Armour: Robe              ||    10
  Dodge: Dodged            ||    10

Table legend: (Time is in decaauts)
 A = Elapsed time spent in this place.
 B = Non-inter-level travel time spent in this place.
 C = Inter-level travel time spent in this place.
 D = Time resting spent in this place.
 E = Time spent auto-exploring this place.
 F = Levels seen in this place.
 G = Mean time per level.
                   A        B        C        D        E       F      G
               +--------+--------+--------+--------+--------+-----+--------+
         Total |     62 |     62 |      0 |      0 |     40 |   1 |   62.0 |
       Dungeon |     62 |     62 |      0 |      0 |     40 |   1 |   62.0 |
               +--------+--------+--------+--------+--------+-----+--------+

Top non-repeatable levels by time:
     D:1: 62 daAuts
